 Dungeon Crawl Stone Soup version 0.29.0-4-gdea44cf6ec (webtiles) character file.

Game seed: 2133557610755855220

598 qw the Chopper (level 7, -2/64 HPs)
             Began as a Gargoyle Berserker on Sept 8, 2022.
             Was a Priest of Trog.
             Killed by divine providence
             ... invoked by an orc priest
              (13 damage)
             ... on level 5 of the Dungeon.
             The game lasted 00:01:46 (5468 turns).

qw the Chopper (Gargoyle Berserker)                 Turns: 5468, Time: 00:01:47

Health: -2/64      AC: 14    Str: 22    XL:     7   Next: 40%
Magic:  7/7        EV:  6    Int:  8    God:    Trog [***...]
Gold:   274        SH:  0    Dex:  9    Spells: 6/6 levels left

rFire   . . .      SeeInvis .   Y - +0 hand axe
rCold   . . .      Faith    .   g - +0 kite shield
rNeg    + . .      Spirit   .   p - +0 chain mail
rPois   inf        Reflect  .   n - +0 helmet
rElec   +          Harm     .   (no cloak)
rCorr   .          Rampage  .   (no gloves)
Will    .....                   (no boots)
Stlth   ..........              (no amulet)
HPRegen 0.20/turn               (no ring)
MPRegen 0.10/turn               (no ring)

@: confused, berserking, very quick
A: sickness immunity, AC +4, negative energy resistance 1, electricity
resistance, torment resistance 1, petrification resistance
a: Renounce Religion, Berserk, Trog's Hand


You were on level 5 of the Dungeon.
You worshipped Trog.
Trog was most pleased with you.
You visited 1 branch of the dungeon, and saw 5 of its levels.

You collected 274 gold pieces.


Innate Abilities, Weirdness & Mutations

You are immune to sickness and miasma.
Your stone body is resilient. (AC +4)
You are immune to poison.
You resist negative energy. (rN+)
You are resistant to electric shocks. (rElec)
You are resistant to unholy torment.
You are immune to petrification.


   Skills:
 - Level 4.0 Fighting
 - Level 6.0 Axes
 - Level 2.8 Armour
 - Level 1.5 Dodging
 + Level 4.5 Shields


You had 6 spell levels left.
You didn't know any spells.
Your spell library was empty.

Inventory:

Hand Weapons
 c - a +0 flail
 Y - a +0 hand axe (weapon)
Armour
 g - a +0 kite shield (worn)
 n - a +0 helmet (worn)
 p - a +0 chain mail (worn)
Scrolls
 a - 2 scrolls of identify
 h - 3 scrolls of teleportation
Potions
 b - 2 potions of curing
 d - 2 potions of might
 e - a potion of heal wounds
 f - a potion of mutation
 l - a potion of resistance

Dungeon Overview and Level Annotations

Branches:
Dungeon (5/15)             Temple (0/1) D:4

Altars:
Fedhas
Gozag
Hepliaklqana
Kikubaaqudgha
Nemelex Xobeh
Yredelemnul
The Shining One

Annotations:
D:5 3 runed translucent doors


Message History

An orc priest comes into view. It is wielding a +0 war axe.
The gnoll hits you but does no damage.
The orc priest shouts!
You hit the gnoll.
The gnoll is heavily wounded.
You hear a shout!
The gnoll barely misses you.
The gnoll hits you from afar with a +0 halberd!
5463 ||| INVOKING Berserk.
A red film seems to cover your vision as you go berserk!
You feel yourself moving faster!
You feel mighty! The gnoll hits you with a +0 club.
An orc comes into view. It is wielding a +0 trident.
The gnoll hits you but does no damage.
You barely miss the gnoll.
The gnoll is heavily wounded.
The gnoll hits you but does no damage.
The gnoll hits you from afar with a +0 halberd.
You closely miss the gnoll.
The gnoll is heavily wounded.
The orc priest calls down the wrath of Beogh upon you.
Beogh smites you!
The orc wizard gestures wildly while chanting.
The orc wizard flickers and vanishes!
You block the gnoll's attack. x2
You slash the gnoll!
You kill the gnoll!
Trog accepts your kill.
An orc comes into view. It is wielding a +0 dagger.
The orc shouts!
You block the orc's attack.
You hear some strange, mumbled words.
You are confused.
The gnoll hits you with a +0 halberd!
Items here: % ( )).
You slash the gnoll!
The gnoll is heavily wounded.
You hit something but do no damage. You hit the orc.
The orc priest calls down the wrath of Beogh upon you.
Beogh smites you!
You die...

....... .......
....... .......
...o..5 .....{o
.....og###############
.....g.@.............#
......o#############.#
####### #.# #.# #.#
#.# #.# #.### #....


You could see an orc priest, 2 gnolls, a shadow imp and 3 orcs.

Vanquished Creatures
  A black bear (D:5)
  3 orc priests
  2 hounds
  Natasha (D:4)
  An iguana (D:5)
  4 orc wizards
  10 adders
  2 gnolls (D:5)
  3 worms (D:2)
  A dart slug (D:2)
  9 orcs
  5 bats
  7 endoplasms
  A giant cockroach (D:2)
  5 goblins
  10 hobgoblins
  8 jackals
  7 quokkas
  2 ball pythons
  3 frilled lizards
  6 kobolds
  7 rats
98 creatures vanquished.

Notes
Turn   | Place    | Note
-------+----------+-------------------------------------------
     0 | D:1      | qw the Gargoyle Berserker began the quest for the Orb.
     0 | D:1      | Reached XP level 1. HP: 14/14 MP: 1/1
     0 | D:1      | 0 ||| qw: Version: 0.1-a-112-g44dc6cd
     0 | D:1      | 0 ||| qw: Game counter: 6745
     0 | D:1      | 0 ||| qw: Always use a shield: true
     0 | D:1      | 0 ||| qw: Do Orc after D:15 true
     0 | D:1      | 0 ||| qw: Do second Lair branch before Depths: true
     0 | D:1      | 0 ||| qw: Lair rune preference: random
     0 | D:1      | 0 ||| qw: Plans: Normal
     0 | D:1      | 0 ||| PLANNING D:1-11
   419 | D:1      | Reached skill level 3 in Axes
   589 | D:1      | Reached XP level 2. HP: 19/19 MP: 2/2
  1369 | D:1      | 1369 ||| UPGRADING to +0 scale mail.
  1379 | D:1      | 1379 ||| DROPPING +0 animal skin.
  1380 | D:1      | 1380 ||| READING 3 scrolls labelled TOKAXUIJEU.
  1381 | D:1      | 1381 ||| READING 3 scrolls labelled LOMUBLAONO.
  1382 | D:1      | 1382 ||| READING 2 scrolls of identify.
  1382 | D:1      | 1382 ||| IDENTIFYING bubbling clear potion
  1383 | D:1      | 1383 ||| DROPPING 2 scrolls of fear.
  1551 | D:2      | 1551 ||| Stepping ~*~*~tactically~*~*~ (stealth).
  1683 | D:2      | 1683 ||| Stepping ~*~*~tactically~*~*~ (hiding).
  1726 | D:2      | Reached XP level 3. HP: 23/23 MP: 3/3
  1818 | D:2      | 1818 ||| INVOKING Berserk.
  2040 | D:2      | 2040 ||| INVOKING Berserk.
  2206 | D:2      | Reached skill level 4 in Axes
  2226 | D:2      | 2226 ||| Stepping ~*~*~tactically~*~*~ (stealth).
  2228 | D:2      | 2228 ||| Stepping ~*~*~tactically~*~*~ (stealth).
  2239 | D:2      | 2239 ||| Stepping ~*~*~tactically~*~*~ (stealth).
  2240 | D:2      | 2240 ||| Stepping ~*~*~tactically~*~*~ (stealth).
  2278 | D:2      | Reached ** piety under Trog
  2420 | D:2      | Reached XP level 4. HP: 28/28 MP: 4/4
  2430 | D:2      | 2430 ||| Stepping ~*~*~tactically~*~*~ (stealth).
  2431 | D:2      | 2431 ||| Stepping ~*~*~tactically~*~*~ (stealth).
  2813 | D:2      | 2813 ||| INVOKING Berserk.
  3049 | D:2      | 3049 ||| UPGRADING to +0 helmet.
  3054 | D:2      | 3054 ||| READING scroll labelled BECION LESS.
  3055 | D:2      | 3055 ||| READING scroll labelled BAAQ SYAGG.
  3059 | D:2      | 3059 ||| READING scroll labelled KUQYMN KIS IBI.
  3060 | D:2      | 3060 ||| DRINKING 2 metallic cyan potions.
  3061 | D:2      | 3061 ||| DRINKING 2 black potions.
  3062 | D:2      | 3062 ||| READING 2 scrolls of identify.
  3062 | D:2      | 3062 ||| IDENTIFYING blue potion
  3063 | D:2      | 3063 ||| DROPPING potion of brilliance.
  3134 | D:3      | 3134 ||| FLEEEEING.
  3135 | D:3      | 3135 ||| FLEEEEING.
  3136 | D:3      | 3136 ||| FLEEEEING.
  3137 | D:3      | 3137 ||| FLEEEEING.
  3144 | D:3      | 3144 ||| STAIRDANCE
  3181 | D:2      | 3181 ||| READING scroll labelled INIS NEODIASS.
  3358 | D:3      | Identified the +0 ring mail of the Hills {Contam Rampage
                  | Int+4}
  3362 | D:3      | 3362 ||| Stepping ~*~*~tactically~*~*~ (stealth).
  3363 | D:3      | 3363 ||| Stepping ~*~*~tactically~*~*~ (stealth).
  3369 | D:3      | Reached skill level 5 in Axes
  3416 | D:3      | 3416 ||| INVOKING Berserk.
  3418 | D:3      | Reached XP level 5. HP: 27/32 MP: 5/5
  3426 | D:3      | 3426 ||| DRINKING 2 potions of curing.
  3426 | D:3      | 3426 ||| (to cure confusion)
  3575 | D:3      | 3575 ||| DROPPING +0 club.
  3763 | D:3      | 3763 ||| DROPPING +0 ring mail of the Hills {Contam Rampage
                  | Int+4}.
  3764 | D:3      | 3764 ||| UPGRADING to +0 chain mail.
  3774 | D:3      | 3774 ||| DROPPING +0 scale mail.
  3775 | D:3      | 3775 ||| READING scroll labelled TEZXUT URUEPS.
  3776 | D:3      | 3776 ||| READING scroll labelled DIBOEC ZIALEFF.
  3777 | D:3      | 3777 ||| READING 4 scrolls of identify.
  3777 | D:3      | 3777 ||| IDENTIFYING fuming ruby potion
  3778 | D:3      | 3778 ||| READING 3 scrolls of identify.
  3778 | D:3      | 3778 ||| IDENTIFYING fizzy silvery potion
  3779 | D:3      | 3779 ||| READING 2 scrolls of identify.
  3779 | D:3      | 3779 ||| IDENTIFYING fizzy pink potion
  3780 | D:3      | 3780 ||| DROPPING potion of degeneration.
  3781 | D:3      | 3781 ||| DROPPING potion of lignification.
  3835 | D:4      | Found a staircase to the Ecumenical Temple.
  4024 | D:4      | Found an ancient bone altar of Kikubaaqudgha.
  4029 | D:4      | 4029 ||| DRINKING 2 potions of curing.
  4029 | D:4      | 4029 ||| (to cure confusion)
  4031 | D:4      | 4031 ||| INVOKING Berserk.
  4037 | D:4      | Reached XP level 6. HP: 38/38 MP: 6/6
  4213 | D:4      | Found a blossoming altar of Fedhas.
  4255 | D:4      | 4255 ||| DROPPING +0 mace.
  4351 | D:4      | Reached skill level 6 in Axes
  4480 | D:4      | Found a basalt altar of Yredelemnul.
  4578 | D:4      | Noticed Natasha
  4579 | D:4      | 4579 ||| Stepping ~*~*~tactically~*~*~ (hiding).
  4580 | D:4      | 4580 ||| Stepping ~*~*~tactically~*~*~ (hiding).
  4583 | D:4      | 4583 ||| INVOKING Berserk.
  4587 | D:4      | Killed Natasha
  4727 | D:4      | Found a sparkling altar of Nemelex Xobeh.
  4748 | D:4      | 4748 ||| UPGRADING to +0 kite shield.
  4753 | D:4      | 4753 ||| READING 3 scrolls of identify.
  4753 | D:4      | 4753 ||| IDENTIFYING viscous black potion
  4766 | D:5      | Entered Level 5 of the Dungeon
  4799 | D:5      | Noticed a black bear
  4803 | D:5      | 4803 ||| INVOKING Berserk.
  4813 | D:5      | Killed a black bear
  4818 | D:5      | Reached *** piety under Trog
  4819 | D:5      | Reached skill level 3 in Shields
  4819 | D:5      | Reached XP level 7. HP: 43/43 MP: 7/7
  4820 | D:5      | 4820 ||| Stepping ~*~*~tactically~*~*~ (stealth).
  4926 | D:5      | Found a runed translucent gate.
  4926 | D:5      | Found a runed translucent gate.
  4926 | D:5      | Found a runed translucent gate.
  4936 | D:5      | Found an opulent altar of Gozag.
  4944 | D:5      | 4944 ||| Stepping ~*~*~tactically~*~*~ (stealth).
  5270 | D:5      | Found a hazy altar of Hepliaklqana.
  5271 | D:5      | Found a glowing golden altar of the Shining One.
  5449 | D:5      | 5449 ||| Stepping ~*~*~tactically~*~*~ (hiding).
  5450 | D:5      | 5450 ||| Stepping ~*~*~tactically~*~*~ (hiding).
  5463 | D:5      | 5463 ||| INVOKING Berserk.
  5467 | D:5      | HP: 11/64 [gnoll/+0 halberd (7)]
  5468 | D:5      | Killed from afar by an orc priest

Levels and vault maps discovered:
D:1:      heliophobic_arrival_dark_side_of_the_moon, layout_loops_corners,
          minivault_23, grunt_decor_clamped
D:2:      minmay_diamond_boxcup, layout_loops_corners
D:3:      layout_rooms
D:4:      layout_basic, kennysheep_mini, mainiacjoe_overflow_24_doors,
          marbit_many_paths, mainiacjoe_overflow_boulevard,
          minmay_temple_entry_statues_pillars, uniq_natasha
D:5:      layout_basic, lemuel_tele_altar, gammafunk_temple_overflow_statue,
          gammafunk_ghost_icy

Skill      XL: |  1  2  3  4  5  6  7 |
---------------+----------------------+-----
Axes           | 3 4 5 6 |  6.0
Fighting       | 4 |  4.0
Shields        | 3 4 |  4.5
Armour         | |  2.8
Dodging        | |  1.5

Action                   |  1- 3 |  4- 6 |  7- 9 || total
-------------------------+-------+-------+-------++-------
Melee: Hand axe          |   125 |   174 |    52 ||   351
       Punch             |     2 |     1 |       ||     3
Invok: Berserk           |     2 |     5 |     1 ||     8
  Use: Scroll            |     3 |    11 |       ||    14
       Potion            |       |     4 |       ||     4
Armor: Animal skin       |     4 |       |       ||     4
       Scale mail        |    63 |    54 |       ||   117
       Chain mail        |       |    52 |    31 ||    83
Dodge: Dodged            |    57 |    83 |    13 ||   153
Block: Kite shield       |       |     5 |    26 ||    31

Table legend:
 A = Non-vault XP
 B = Vault XP
 C = Vault XP percentage of total XP
 D = Non-vault monster count
 E = Vault monster count
 F = Vault count percentage of total count
                 A         B        C        D         E       F
            +---------+---------+-------+---------+---------+-------
      Total |     772 |      83 |   9.7 |      89 |       9 |   9.2
            +---------+---------+-------+---------+---------+-------
        D:1 |      20 |       0 |   0.0 |      12 |       0 |   0.0
        D:2 |      85 |      34 |  28.6 |      29 |       7 |  19.4
        D:3 |     132 |       0 |   0.0 |      18 |       0 |   0.0
        D:4 |     143 |      49 |  25.5 |      14 |       2 |  12.5
        D:5 |     392 |       0 |   0.0 |      16 |       0 |   0.0
            +---------+---------+-------+---------+---------+-------
